 Dungeon Crawl Stone Soup version 0.31-a0-23-gcbde74481b (webtiles) character file.

Game seed: 14678746174523512203

15 elagabalus the Caller (level 2, 7/15 HPs)
             Began as a Kobold Summoner on May 14, 2023.
             Quit the game on level 1 of the Dungeon.
             The game lasted 00:04:46 (395 turns).

elagabalus the Caller (Kobold Summoner)              Turns: 395, Time: 00:04:46

Health: 7/15       AC:  2    Str:  5    XL:     2   Next: 65%
Magic:  5/5        EV: 15    Int: 16    God:
Gold:   34         SH:  0    Dex: 15    Spells: 2/5 levels left

rFire   . . .        (weapon restricted)
rCold   . . .        (no shield)
rNeg    . . .        a - +0 robe
rPois   .            (no helmet)
rElec   .            (no cloak)
rCorr   .            (no gloves)
SInv    .            (no boots)
Will    .....        (no amulet)
Stlth   +++          (no ring)
HPRegen 0.22/turn    (no ring)
MPRegen 0.09/turn

%: no passive effects
@: no status effects
A: small, no large weapons, nightstalker 3
a: no special abilities


You were on level 1 of the Dungeon.
You visited 1 branch of the dungeon, and saw 1 of its levels.

You collected 34 gold pieces.

Inventory:

Armour
 a - a +0 robe (worn)
Scrolls
 d - a scroll of identify {unknown}
Potions
 b - a potion of magic
 c - a potion of curing {unknown}


   Skills:
 - Level 2.4 Dodging
 - Level 2.6 Stealth
 - Level 2.1 Spellcasting
 * Level 4.6 Summonings


You had 2 spell levels left.
You knew the following spells:

 Your Spells              Type           Power      Damage    Failure   Level
a - Summon Small Mammal   Summ           64%        N/A       3%          1
b - Call Imp              Summ           32%        N/A       4%          2

Your spell library contained the following spells:

 Spells                   Type           Power      Damage    Failure   Level
 Call Canine Familiar     Summ           16%        N/A       9%          3
 Summon Guardian Golem    Hex/Summ       9%         N/A       24%         3
 Ignite Poison            Fire/Tmut/Pois 1%         N/A       52%         3
 Summon Lightning Spire   Summ/Air       9%         N/A       61%         4
 Sticky Flame             Conj/Fire      1%         2d3       90%         4
 Ignition                 Fire           0%         3d3       100%        8


Dungeon Overview and Level Annotations

Branches:
Dungeon (1/15)

Altars:


Innate Abilities, Weirdness & Mutations

You are small and have problems with some larger weapons.
You are completely attuned to the shadows.


Message History

Your bat hits the endoplasm but does no damage.
The endoplasm barely misses you.
Your bat barely misses the endoplasm.
The kobold hits you with a +0 short sword.
Your bat hits the endoplasm but does no damage.
Your bat hits the endoplasm.
Your bat barely misses the kobold.
Your bat hits the endoplasm. The endoplasm freezes you.
You are frozen.
* * * LOW HITPOINT WARNING * * *
The kobold hits you but does no damage.
Your bat barely misses the endoplasm.
Your bat hits the endoplasm but does no damage.
The endoplasm misses your bat.
Your bat hits the endoplasm but does no damage.
The kobold completely misses you.
Your bat hits the endoplasm.
Your bat closely misses the kobold.
Your bat hits the endoplasm.
The endoplasm dies!
Your bat closely misses the kobold.
The kobold misses you.
Your bat barely misses the kobold.
The kobold closely misses you.
Your bat closely misses the kobold.
The kobold hits you with a +0 short sword.
* * * LOW HITPOINT WARNING * * *
Your bat hits the kobold but does no damage.
Your bat completely misses the kobold.
Your bat barely misses the kobold.
The kobold barely misses you.
Your bat completely misses the kobold.
Your bat hits the kobold.
Your bat closely misses the kobold.
The kobold barely misses you.
You swap places.
Something hits your bat. Something misses your bat.
Something barely misses your bat. Something closely misses your bat.
Something barely misses your bat. Something hits your bat.
Your bat dies!
Your bat's corpse disappears in a puff of smoke!
The kobold completely misses you. The kobold attacks as you move away!
The kobold hits you but does no damage.
The kobold throws a stone.
The stone completely misses you.
Are you sure you want to abandon this character and quit the game? (Confirm with "yes".)

########
#......#
#.####.# #.#
#.# #.## #.#
#.#@###.##
.#.###.##..#
..# ##K##.#
.#b###.###.#
#.#K## #.#
#.##
#.########
###
#........#
########.#
#.#


You could see a kobold.

Vanquished Creatures (collateral kills)
  A dart slug (D:1)
  A ball python (D:1)
  4 endoplasms (D:1)
  A goblin (D:1)
  A hobgoblin (D:1)
  A kobold (D:1)
  2 rats (D:1)
11 creatures vanquished.

Notes
Turn   | Place    | Note
-------+----------+-------------------------------------------
     0 | D:1      | elagabalus the Kobold Summoner began the quest for the Orb.
     0 | D:1      | Reached XP level 1. HP: 10/10 MP: 3/3
   173 | D:1      | Reached XP level 2. HP: 15/15 MP: 1/5
   225 | D:1      | Learned a level 2 spell: Call Imp
   395 | D:1      | Quit the game

Illustrated notes

Levels and vault maps discovered:
D:1:      dpeg_arrival_tiny_g, layout_loops_ring

Action                     || total
---------------------------++-------
   Cast: Summon Small Mamm ||    18
 Armour: Robe              ||     3
  Dodge: Dodged            ||    19

Table legend: (Time is in decaauts)
 A = Elapsed time spent in this place.
 B = Non-inter-level travel time spent in this place.
 C = Inter-level travel time spent in this place.
 D = Time resting spent in this place.
 E = Time spent auto-exploring this place.
 F = Levels seen in this place.
 G = Mean time per level.
                   A        B        C        D        E       F      G
               +--------+--------+--------+--------+--------+-----+--------+
         Total |    395 |    168 |    227 |      0 |      0 |   1 |  395.0 |
       Dungeon |    395 |    168 |    227 |      0 |      0 |   1 |  395.0 |
               +--------+--------+--------+--------+--------+-----+--------+

Top non-repeatable levels by time:
     D:1: 395 daAuts
